 Dungeon Crawl Stone Soup version 0.20-a0-1000-g0e8f6bb (webtiles) character file.

167 Firecrotchwizard the Magician (level 5, -1/28 HPs)
             Began as a Deep Elf Fire Elementalist on Apr 13, 2017.
             Slain by Tumbleweave's ghost (11 damage)
             ... on level 3 of the Dungeon.
             The game lasted 00:12:41 (3187 turns).

Firecrotchwizard the Magician (DEFE)                Turns: 3187, Time: 00:12:42

Health: -1/28      AC:  2    Str:  5    XL:     5   Next: 23%
Magic:  2/13       EV: 12    Int: 21    God:
Gold:   182        SH:  0    Dex: 15    Spells: 4/12 levels left

rFire    . . .     SeeInvis .   x - +4 great sword
rCold    . . .     Gourm    .   (shield currently unavailable)
rNeg     . . .     Faith    .   a - +0 robe
rPois    .         Spirit   .   (no helmet)
rElec    .         Reflect  .   (no cloak)
rCorr    .         Harm     .   (no gloves)
MR       .....                  (no boots)
Stlth    ++........             (no amulet)
Regen    0.1/turn               (no ring)
MPRegen  0.2/turn               (no ring)

@: very slightly contaminated, heavily drained
A: no striking features
a: no special abilities


You were on level 3 of the Dungeon.
You were not hungry.

You visited 1 branch of the dungeon, and saw 3 of its levels.

You collected 182 gold pieces.

Inventory:

Hand Weapons
 g - a +0 club
   (You took it off a hobgoblin on level 1 of the Dungeon)
 n - a +0 short sword
   (You took it off a kobold on level 2 of the Dungeon)
 x - a +4 great sword (weapon)
   (You found it on level 3 of the Dungeon)
Missiles
 y - 5 curare-tipped needles
Armour
 a - a +0 robe (worn)
Wands
 p - a wand of paralysis (12/24)
   (You found it on level 3 of the Dungeon)
Scrolls
 e - 3 scrolls of identify {unknown}
 i - 2 scrolls of remove curse {unknown}
 j - 3 scrolls of amnesia {unknown}
 k - a scroll of blinking {unknown}
 o - a scroll of magic mapping {unknown}
 s - a scroll of recharging {unknown}
 u - a scroll of fear {unknown}
 v - a scroll of teleportation {unknown}
Potions
 f - 3 potions of haste {unknown}
 h - a potion of magic {unknown}
 m - a potion of invisibility {unknown}
 q - a potion of ambrosia {unknown}
 t - a potion of agility {unknown}
 w - a potion of lignification {unknown}
 A - a potion of heal wounds {unknown}
Books
 b - a book of Flames
Comestibles
 c - 4 bread rations {@e1}
 d - a meat ration {@e2}
 l - a royal jelly
 z - 3 fruits


   Skills:
 - Level 2.4(1.3) Dodging
 - Level 2.4(1.3) Stealth
 + Level 4.3(3.1) Spellcasting
 * Level 4.1(3.0) Conjurations
 + Level 4.2(3.1) Fire Magic


You had 4 spell levels left.
You knew the following spells:

 Your Spells              Type           Power        Failure   Level  Hunger
a - Flame Tongue          Conj/Fire      ###..        4%          1    None
c - Conjure Flame         Conj/Fire      ###.....     14%         3    ###....
s - Sticky Flame          Conj/Fire      ###.....     41%         4    ####...


Dungeon Overview and Level Annotations

Branches:
Dungeon (3/15)

Altars:
Hepliaklqana
Yredelemnul

Annotations:
D:3 exclusion: two-headed ogre, Tumbleweave's ghost, amateur MfGl


Message History

Aim: a jackal The flame tongue misses the jackal.
The jackal barks!
Aim: a jackal You miscast Flame Tongue.
You are very lightly contaminated with residual magic.
Nothing appears to happen.
The jackal bites you.
Unknown command.
Aim: a jackal The flame tongue hits the jackal.
You kill the jackal!
Aim: a jackal The flame tongue hits the jackal.
The jackal barely misses you.
Aim: a jackal (heavily wounded)
The flame tongue hits the jackal.
You kill the jackal!
Aim: a jackal The flame tongue misses the jackal.
The jackal bites you. The jackal misses you.
Aim: a jackal The flame tongue misses the jackal.
The jackal bites you.
Aim: a jackal The flame tongue hits the jackal.
You kill the jackal!
You start resting.
Your magical contamination has completely faded away.
Things that are here:
a jackal corpse x2
You butcher the jackal corpse.
You butcher the jackal corpse.
You start resting.
r - a chunk of flesh {@w0};
r - 4 chunks of flesh {@w0} (gained 3)
You see here a jackal skeleton.
An adder comes into view.
The adder hisses angrily.
Aim: an adder The flame tongue hits the adder.
You kill the adder!
You can't see any susceptible monsters within range! (Use Z to cast anyway.) Unknown command.
You now have 167 gold pieces (gained 16).
You now have 182 gold pieces (gained 15).
A kobold comes into view.
A kobold is nearby!
No target in view!
The kobold is too close now for your liking.
Aim: a kobold The flame tongue hits the kobold.
You kill the kobold!
A leopard gecko comes into view.
Found a hazy altar of Hepliaklqana.
You can't see any susceptible monsters within range! (Use Z to cast anyway.) Unknown command.
You see here 5 curare-tipped needles.
Aim: a leopard gecko (clinging)
The flame tongue hits the leopard gecko.
Aim: a leopard gecko (severely wounded, clinging)
The flame tongue hits the leopard gecko.
You kill the leopard gecko!
y - 5 curare-tipped needles Eating one of 4 chunks of flesh {@w0}.
You eat one of the 4 chunks of flesh {@w0}.
The floor.
Here: Tumbleweave's ghost (hasn't noticed you)
The floor.
Aim: Tumbleweave's ghost (hasn't noticed you)
The flame tongue misses Tumbleweave's ghost.
Tumbleweave's ghost turns its malevolent gaze towards you.
Aim: Tumbleweave's ghost The flame tongue hits Tumbleweave's ghost.
Aim: Tumbleweave's ghost (lightly damaged)
You can't place the cloud on a creature.
Okay, then.
Aim: Tumbleweave's ghost (lightly damaged)
You miscast Sticky Flame.
You are very lightly contaminated with residual magic.
You smell something strange.
Tumbleweave's ghost hits you!
Aim: Tumbleweave's ghost (lightly damaged)
You miscast Sticky Flame.
You are momentarily dazzled by a flash of light!
Tumbleweave's ghost hits you!
* * * LOW HITPOINT WARNING * * *
All of the chunks of flesh in your inventory have rotted away.
Tumbleweave's ghost says, "You must not succeed where I failed!"
Tumbleweave's ghost says, "Your head on a pike would complement this floor nicely."
Tumbleweave's ghost lets out a mournful wail.
Tumbleweave's ghost lets out a mournful wail.
Your magical contamination has completely faded away.
Tumbleweave's ghost says, "Your head on a pike would complement this floor nicely."
Aim: Tumbleweave's ghost You can't place the cloud on a creature.
Aim: Tumbleweave's ghost You miscast Sticky Flame.
You are very lightly contaminated with residual magic.
Wisps of smoke drift from your hands. Tumbleweave's ghost misses you.
Aim: Tumbleweave's ghost The sticky flame hits Tumbleweave's ghost.
Tumbleweave's ghost closely misses you.
You barely miss Tumbleweave's ghost. Tumbleweave's ghost hits you!
You die...

#.# #.# #.# #.# #.# #.# #.# #.#
#.# #.# #.# #.# #.# #.# #.# #W#
#.# #@################ ..#
#................. ..#
#.#...#...#...#... ..#
#................. ..# ######
###...#...#...#... ..# #....#
#..............†. ..# #....#
#################
..###....############.....#####
...##.........................#


You could see Tumbleweave's ghost.

Vanquished Creatures
  4 gnolls (D:3)
  4 adders
  An ooze (D:1)
  A dart slug (D:1)
  A worm (D:3)
  4 leopard geckos
  2 orcs (D:3)
  4 giant cockroaches
  8 goblins
  10 hobgoblins
  8 jackals
  2 quokkas (D:2)
  9 bats
  3 frilled lizards
  8 kobolds
  A rat (D:2)
70 creatures vanquished.

Notes
Turn   | Place    | Note
-------+----------+-------------------------------------------
     0 | D:1      | Firecrotchwizard the Deep Elf Fire Elementalist began the quest for the Orb.
     0 | D:1      | Reached XP level 1. HP: 10/10 MP: 6/6
   345 | D:1      | Reached XP level 2. HP: 15/15 MP: 6/8
   522 | D:1      | Reached skill level 2 in Conjurations
   785 | D:1      | Reached XP level 3. HP: 18/19 MP: 6/10
   847 | D:1      | Learned a level 3 spell: Conjure Flame
  1394 | D:2      | Reached skill level 4 in Spellcasting
  1424 | D:2      | Found a basalt altar of Yredelemnul.
  1573 | D:2      | Reached skill level 3 in Conjurations
  1837 | D:3      | Noticed a two-headed ogre
  1868 | D:3      | Reached XP level 4. HP: 20/24 MP: 7/12
  2042 | D:3      | Learned a level 4 spell: Sticky Flame
  2098 | D:3      | Reached skill level 4 in Fire Magic
  2501 | D:3      | Noticed Tumbleweave's ghost (amateur MfGl)
  2557 | D:3      | Found a faded altar of an unknown god.
  2615 | D:3      | Reached XP level 5. HP: 20/28 MP: 3/13
  2618 | D:3      | Reached skill level 4 in Conjurations
  3062 | D:3      | Found a hazy altar of Hepliaklqana.
  3134 | D:3      | HP: 5/28 [Tumbleweave's ghost (12)]
  3187 | D:3      | Slain by Tumbleweave's ghost

Vault maps used:
D:1:      lightli_arrival_statuegarden, bh_walls_and_bars
D:2:      overflow_temple_1_default, minmay_misc_feat_ornament
D:3:      kennysheep_six_static_rooms, lemuel_coloured_pillars_altar,
          chequers_ecumenical_altar_grove, first_bread

Skill      XL: |  1  2  3  4  5 |
---------------+----------------+-----
Conjurations   | 2 3 4 |  4.1
Spellcasting   | 4 |  4.3
Fire Magic     | 4 |  4.2
Dodging        | |  2.4
Stealth        | |  2.4

Action                   |  1- 3 |  4- 6 || total
-------------------------+-------+-------++-------
Melee: Unarmed           |     2 |       ||     2
       Club              |     5 |       ||     5
       Short sword       |     8 |       ||     8
       Great sword       |       |     6 ||     6
 Cast: Flame Tongue      |    71 |    60 ||   131
       Sticky Flame      |       |     1 ||     1
  Eat: Chunk             |     3 |     4 ||     7
Armor: Robe              |     5 |     5 ||    10
Dodge: Dodged            |    28 |    18 ||    46
       Rpst.: Great sword |       |     4 ||     4

Vault maps used:
D:1:      lightli_arrival_statuegarden, bh_walls_and_bars
D:2:      overflow_temple_1_default, minmay_misc_feat_ornament
D:3:      kennysheep_six_static_rooms, lemuel_coloured_pillars_altar,
          chequers_ecumenical_altar_grove, first_bread

Table legend:
 A = Turns spent in this place as a percentage of turns spent in the entire game.
 B = Non-inter-level travel turns spent in this place as a percentage of non-inter-level travel turns spent in the entire game.
 C = Inter-level travel turns spent in this place as a percentage of turns spent in this place.
 D = Turns resting spent in this place as a percentage of non-inter-level travel turns spent in this place.
 E = Turns spent auto-exploring this place as a percentage of non-inter-level travel turns spent in this place.
 F = Non-inter-level travel turns spent in this place divided by the number of levels of this place that you've seen.
                   A       B       C       D       E      F
               +-------+-------+-------+-------+-------+----------------------
         Total | 100.0 | 100.0 |   0.4 |  11.4 |  11.4 | 273.0
       Dungeon | 100.0 | 100.0 |   0.4 |  11.4 |  11.4 | 273.0
               +-------+-------+-------+-------+-------+----------------------

Table legend:
 A = Kills in this place as a percentage of kills in entire the game.
 B = Kills by you in this place as a percentage of kills by you in the entire game.
 C = Kills by friends in this place as a percentage of kills by friends in the entire game.
 D = Other kills in this place as a percentage of other kills in the entire game.
 E = Experience gained in this place as a percentage of experience gained in the entire game.
 F = Experience gained in this place divided by the number of levels of this place that you have seen.
                   A       B       C       D       E      F
               +-------+-------+-------+-------+-------+----------------------
         Total | 100.0 | 100.0 |  -nan |  -nan | 100.0 |  79.7
       Dungeon | 100.0 | 100.0 |  -nan |  -nan | 100.0 |  79.7
               +-------+-------+-------+-------+-------+----------------------
